 Dungeon Sprint DCSS version 0.18-a0-1027-g814d7dd (webtiles) character file.

0 M4edhros the Charlatan (level 2, 9/18 HPs)
             Began as an Octopode Artificer on Jan 9, 2016.
             Got out of the dungeon alive.
             The game lasted 00:00:30 (41 turns).

M4edhros the Charlatan (Octopode Artificer)           Turns: 41, Time: 00:00:30

Health: 9/18       AC:  1    Str:  9    XL:     2   Next: 16%
Magic:  3/5        EV: 14    Int: 14    God:
Gold:   20         SH:  0    Dex: 14    Spells: 0 memorised, 1 level left

rFire  . . .     SeeInvis +     a - +0 short sword
rCold  . . .     Gourm    .     (no shield)
rNeg   + + .     Faith    .     (helmet restricted)
rPois  +         Spirit   .     (no amulet)
rElec  +         Dismiss  .     s - ring of Dawn {rElec rPois rN+ Str-3 Dex+2}
rCorr  .         Reflect  .     r - ring "Hiunk" {rN+ MR+ SInv}
SustAt .         Harm     .     p - ring "Deug" {MR+ EV+1}
MR     ++...     NoTele   +     q - ring "Urhongaq" {rPois Str+2}
Stlth  +++.......               (no ring)
                                (no ring)
                                (no ring)
                                (no ring)

@: very resistant to hostile enchantments, fairly stealthy
A: almost no armour, amphibious, 8 rings, constrict 8, camouflage 1, gelatinous
body 1
a: no special abilities


You escaped.
You were not hungry.

You visited 1 branch You collected 200 gold pieces.
You spent 180 gold pieces at shops.

Inventory:

Hand Weapons
 a - a +0 short sword (weapon)
Jewellery
 p - the ring "Deug" (on tentacle) {MR+ EV+1}
   (You bought it in a shop in the Dungeon)

   [ring of evasion]

   It affects your evasion (+1).
   It affects your resistance to hostile enchantments.
 q - the ring "Urhongaq" (on tentacle) {rPois Str+2}
   (You bought it in a shop in the Dungeon)

   [ring of poison resistance]

   It affects your strength (+2).
   It protects you from poison.
 r - the ring "Hiunk" (right tentacle) {rN+ MR+ SInv}
   (You bought it in a shop in the Dungeon)

   [ring of see invisible]

   It protects you from negative energy.
   It affects your resistance to hostile enchantments.
   It lets you see invisible.
 s - the ring of Dawn (left tentacle) {rElec rPois rN+ Str-3 Dex+2}
   (You bought it in a shop in the Dungeon)

   [ring of dexterity]

   It affects your strength (-3).
   It affects your dexterity (+2).
   It insulates you from electricity.
   It protects you from poison.
   It protects you from negative energy.
Wands
 b - a wand of flame (15/48)
 c - a wand of enslavement (15/24)
 d - a wand of random effects (15/48)
 m - a wand of cold (5/15)
 n - a wand of fire (5/15)
Scrolls
 k - 4 scrolls of blinking
 o - 3 scrolls of fog
Potions
 e - a potion of curing
 g - 4 potions of heal wounds
 h - 4 potions of haste
 i - 2 potions of magic
 j - a potion of berserk rage
 l - a potion of resistance
Comestibles
 f - a bread ration


   Skills:
 + Level 1.0 Fighting
 + Level 1.1 Short Blades
 + Level 2.8 Dodging
 + Level 1.3 Stealth
 + Level 5.1 Evocations


You had one spell level left.
You didn't know any spells.

Dungeon Overview and Level Annotations

Branches:
Dungeon (1/1)

Altars:
Dithmenos
Fedhas
Gozag
Kikubaaqudgha
Trog
Vehumet
Zin

Shops:
D *[%?


Innate Abilities, Weirdness & Mutations

You cannot wear most types of armour.
You are amphibious.
You can wear up to eight rings at the same time.
You can use your tentacles to constrict eight enemies at once.
Your skin changes colour to match your surroundings (Stealth).
Your rubbery body absorbs attacks (AC +1).


Message History

The adder is lightly wounded.
The adder closely misses you.
You hit the adder. Your grab misses the adder.
The adder is heavily wounded.
The adder closely misses you. x2
You closely miss the adder. Your grab misses the adder.
The adder is moderately wounded.
The adder barely misses you.
You hit the adder. You grab the adder. You squeeze the adder.
You kill the adder!
Your Evocations skill gained 2 levels and is now at level 5!
You have reached level 2!
You see here an adder corpse.
Found a glowing silver altar of Zin.
A gnoll shaman comes into view. It is wielding a club.
The gnoll shaman hits you but does no damage.
There is a staircase leading out of the dungeon here.
Are you sure you want to leave the Dungeon?
This will make you lose the game! The gnoll shaman hits you with a club.
You have escaped!

#_.......
###.........###
#⌠...........⌠#
######.8.........8.#
##∩.__......# ......
###∩........8.# .8...
##.............###.....
#⌠..........###...#
#⌠......†...# #.@.#
#⌠......)...###..g#
##.............###.....
###∩........8.# .8...
##∩_._......# ......
######.8..... ...8.#
#⌠...........§#
###.........###
#........


You could see a gnoll shaman.

Vanquished Creatures
  An adder (D)
  A goblin (D)
2 creatures vanquished.

Notes
Turn   | Place    | Note
--------------------------------------------------------------
     0 | D        | M4edhros the Octopode Artificer began the quest for the Orb.
     0 | D        | Reached XP level 1. HP: 13/13 MP: 3/3
     4 | D        | Found a shadowy altar of Dithmenos.
     4 | D        | Found an ancient bone altar of Kikubaaqudgha.
     5 | D        | Found a bloodstained altar of Trog.
     5 | D        | Found a radiant altar of Vehumet.
     5 | D        | Round 1.
     6 | D        | Found a blossoming altar of Fedhas.
     7 | D        | Found Waitt's Bee Food.
     7 | D        | Found an opulent altar of Gozag.
     7 | D        | Found Sodoxeg's Identification Station.
     8 | D        | Found Wiptum's Jewellery.
     8 | D        | Found Lolaub's Advanced Armour.
    16 | D        | Bought a brightly glowing turquoise ring for 45 gold pieces
    16 | D        | Bought a vibrating pewter ring for 45 gold pieces
    16 | D        | Bought a wavering turquoise ring for 45 gold pieces
    16 | D        | Bought a transparent platinum ring for 45 gold pieces
    16 | D        | Identified the ring of Dawn {rElec rPois rN+ Str-3 Dex+2} (You bought it in a shop in the Dungeon)
    17 | D        | Identified the ring "Hiunk" {rN+ MR+ SInv} (You bought it in a shop in the Dungeon)
    18 | D        | Identified the ring "Deug" {MR+ EV+1} (You bought it in a shop in the Dungeon)
    19 | D        | Identified the ring "Urhongaq" {rPois Str+2} (You bought it in a shop in the Dungeon)
    30 | D        | Reached skill level 5 in Evocations
    30 | D        | Reached XP level 2. HP: 15/18 MP: 3/5
    34 | D        | Found a glowing silver altar of Zin.
    41 | D        | Got out of the dungeon alive.

Vault maps used:
D:        arena_sprint

Action                   || total
-------------------------++-------
Melee: Short sword       ||     8
